 Dungeon Crawl Stone Soup version 0.28-a0-630-g0357d9c091 (webtiles) character file.

Game seed: 7946712446529931977

1051 vkrn the Jinx (level 8, 0/36 HPs)
             Began as a Spriggan Enchanter on Oct 9, 2021.
             Slain by Duvessa (1 damage)
             ... on level 5 of the Dungeon.
             The game lasted 00:12:43 (6141 turns).

vkrn the Jinx (Spriggan Enchanter)                  Turns: 6141, Time: 00:12:44

Health: 0/36       AC:  3    Str:  6    XL:     8   Next: 5%
Magic:  15/20      EV: 17    Int: 17    God:
Gold:   192        SH:  0    Dex: 15    Spells: 14/22 levels left

rFire   . . .      SeeInvis +   d - +4 dagger (venom)
rCold   . . .      Faith    .   (shield restricted)
rNeg    . . .      Spirit   .   b - +1 robe
rPois   +          Reflect  .   (helmet restricted)
rElec   .          Harm     .   (no cloak)
rCorr   .          Rampage  .   (gloves unavailable)
Will    +....                   (boots unavailable)
Stlth   ++........              (no amulet)
HPRegen 0.12/turn               h - ring of poison resistance
MPRegen 0.17/turn               (no ring)

@: lit by a corona, hasted, glowing, very quick
A: very small, no large weapons, unfitting armour, see invisible, speed 3
a: no special abilities


You were on level 5 of the Dungeon.
You visited 1 branch of the dungeon, and saw 5 of its levels.

You collected 214 gold pieces.
You spent 22 gold pieces at shops.

Inventory:

Hand Weapons
 a - a +1 dagger
 d - a +4 dagger of venom (weapon)
Armour
 b - a +1 robe (worn)
Jewellery
 h - a ring of poison resistance (left hand)
Wands
 e - a wand of paralysis (12)
Scrolls
 f - a scroll of enchant armour
Potions
 g - a potion of attraction


   Skills:
 - Level 1.1 Short Blades
 - Level 2.6 Dodging
 + Level 7.6 Stealth
 + Level 7.7 Spellcasting
 + Level 8.1 Hexes


You had 14 spell levels left.
You knew the following spells:

 Your Spells              Type           Power      Damage    Failure   Level
a - Ensorcelled Hibernat  Hex/Ice        40%        N/A       3%          2
b - Tukima's Dance        Hex            34%        N/A       1%          3
c - Dazzling Flash        Conj/Hex       40%        N/A       6%          3

Your spell library contained the following spells:

 Spells                   Type           Power      Damage    Failure   Level
 Confusing Touch          Hex            34%        N/A       1%          3
 Gell's Gravitas          Tloc           3%         N/A       32%         3
 Lesser Beckoning         Tloc           6%         N/A       32%         3
 Teleport Other           Tloc           6%         N/A       32%         3


Dungeon Overview and Level Annotations

Branches:
Dungeon (5/15)
 Temple: D:4-7

Altars:
Elyvilon
Nemelex Xobeh
Okawaru
Xom

Shops:
D:3 ?

Annotations:
D:5 Dowan, Duvessa, Ijyb


Innate Abilities, Weirdness & Mutations

You are very small and have problems with some larger weapons.
You are too small for most types of armour.
You have supernaturally acute eyesight. (SInv)
You cover ground extremely quickly. (Speed+++)


Message History

Dowan points at you and mumbles some strange words.
You are outlined in light.
Unknown command.
Okay, then.
Unknown command.
Okay, then.
Unknown command.
You barely miss Duvessa.
Duvessa is moderately wounded.
You hit Duvessa but do no damage.
Duvessa looks as sick as possible!
Duvessa is moderately wounded.
Duvessa misses you. Dowan barely misses you.
Unknown command.
Unknown command.
You barely miss Duvessa.
Duvessa is moderately wounded.
Duvessa misses you. Dowan hits you with a +0 dagger.
* * * LOW HITPOINT WARNING * * *
You closely miss Duvessa.
Duvessa is moderately wounded.
Unknown command.
You hit Dowan.
Dowan is poisoned.
Dowan is moderately wounded.
Duvessa says, "My weaknesses are his strengths!"
Duvessa misses you. Dowan completely misses you.
Unknown command.
You miss Dowan.
Dowan is moderately wounded.
You hit Dowan but do no damage.
Dowan looks as sick as possible!
Dowan is moderately wounded.
Duvessa hits you.
* * * LOW HITPOINT WARNING * * *
Dowan says, "My weaknesses are her strengths!"
Dowan gestures at you while chanting. The puff of frost misses you.
The puff of frost hits Duvessa.
Duvessa completely resists.
You hit Dowan.
Dowan looks as sick as possible!
Dowan is heavily wounded.
Duvessa hits you.
You die...

###############.###.#.#
##..............# #....
#..############.###.###
#### #............#
#.############ #.# #.#
########.# #..).e@e.#
#.########


You could see Duvessa (extremely poisoned) and Dowan (extremely poisoned).

Vanquished Creatures
  Grinder (D:3)
  A water moccasin (D:5)
  A black bear (D:5)
  2 ogres
  A phantom (D:4)
  A bullfrog (D:5)
  A howler monkey (D:5)
  2 hounds (D:5)
  An orc priest (D:4)
  An iguana (D:4)
  An orc wizard (D:4)
  A hound zombie (D:5)
  A hound skeleton (D:4)
  8 adders
  4 worms
  7 orcs
  8 endoplasms
  4 giant cockroaches
  6 goblins
  6 hobgoblins
  4 jackals (D:2)
  4 kobolds
  6 quokkas
  9 ball pythons
  3 bats (D:2)
  A frilled lizard (D:3)
  4 rats
89 creatures vanquished.

Vanquished Creatures (others)
  2 dancing weapons
2 creatures vanquished.

Grand Total: 91 creatures vanquished

Notes
Turn   | Place    | Note
-------+----------+-------------------------------------------
     0 | D:1      | vkrn the Spriggan Enchanter began the quest for the Orb.
     0 | D:1      | Reached XP level 1. HP: 9/9 MP: 5/5
     0 | D:1      | Noticed an ice dragon
     1 | D:1      | Noticed a large abomination
     3 | D:1      | Noticed a golden dragon
     7 | D:1      | Noticed a shadow dragon
     8 | D:1      | Noticed an ice dragon
     9 | D:1      | Noticed an iron dragon
    10 | D:1      | Noticed an iron dragon
    11 | D:1      | Noticed an orb of fire
    12 | D:1      | Noticed a shadow dragon
    16 | D:1      | Noticed a large abomination
    18 | D:1      | Noticed a tentacled monstrosity
    21 | D:1      | Noticed a tentacled monstrosity
    23 | D:1      | Noticed a large abomination
    23 | D:1      | Noticed an orb of fire
    25 | D:1      | Noticed a tentacled monstrosity
    29 | D:1      | Noticed a tentacled monstrosity
   398 | D:1      | Reached skill level 4 in Hexes
   398 | D:1      | Reached XP level 2. HP: 13/13 MP: 7/7
   401 | D:1      | Learned a level 2 spell: Ensorcelled Hibernation
   666 | D:1      | Found a faded altar of an unknown god.
   957 | D:2      | Reached XP level 3. HP: 16/16 MP: 9/9
   961 | D:2      | Learned a level 3 spell: Tukima's Dance
   965 | D:2      | Learned a level 3 spell: Dazzling Flash
  2095 | D:2      | Reached XP level 4. HP: 21/21 MP: 11/11
  2184 | D:2      | Reached skill level 5 in Hexes
  2757 | D:3      | Noticed Grinder
  2790 | D:3      | Found a shimmering altar of Xom.
  3107 | D:3      | Found Hojaolib's Magic Scroll Shop.
  3115 | D:3      | Bought a scroll of identify for 22 gold pieces
  3289 | D:3      | Found a white marble altar of Elyvilon.
  3332 | D:3      | Paralysed by Grinder for 4 turns
  3337 | D:3      | Killed Grinder
  3338 | D:3      | Reached skill level 5 in Spellcasting
  3338 | D:3      | Reached skill level 6 in Hexes
  3338 | D:3      | Reached XP level 5. HP: 11/24 MP: 12/14
  3338 | D:3      | Reached XP level 6. HP: 13/28 MP: 12/15
  3738 | D:4      | Found an iron altar of Okawaru.
  3778 | D:4      | Found a sparkling altar of Nemelex Xobeh.
  4591 | D:4      | Reached skill level 5 in Stealth
  4883 | D:4      | Reached skill level 7 in Hexes
  4883 | D:4      | Reached XP level 7. HP: 32/32 MP: 4/17
  5408 | D:5      | Entered Level 5 of the Dungeon
  5714 | D:5      | Noticed Ijyb
  5993 | D:5      | Reached skill level 8 in Hexes
  5993 | D:5      | Reached XP level 8. HP: 36/36 MP: 18/20
  6101 | D:5      | Noticed Duvessa
  6101 | D:5      | Noticed Dowan
  6140 | D:5      | HP: 1/36 [Duvessa (2)]
  6141 | D:5      | Slain by Duvessa

Illustrated notes

Levels and vault maps discovered:
D:1:      shiori_arrival_whats_in_store_for_you, layout_rooms,
          ebering_ecumenical_altar_ruins, st_stairs_14, wad_floor_pattern_2
D:2:      minmay_inner_zag, layout_basic
D:3:      layout_loops_ring, xom_teletrap_fun, mainiacjoe_overflow_24_doors,
          serial_shops, nicolae_shop_stone, wad_orctagon, uniq_grinder
D:4:      layout_layer_cave, okawaru_gym_becter, amcnicky_altar_gilded,
          lightli_corner_chamber
D:5:      layout_loops_ring, tgw_kikubaaqudgha, tgw_fedhas, serial_rivers,
          chequers_serial_rivers_micro_a, chequers_serial_rivers_micro_b,
          chequers_serial_rivers_micro_e, chequers_serial_rivers_small_b,
          chequers_serial_rivers_small_b, portal_sewer_entry_f, uniq_ijyb,
          uniq_duvessa

Skill      XL: |  1  2  3  4  5  6  7 |
---------------+----------------------+-----
Spellcasting   | 3 4 5 6 7 |  7.7
Hexes          | 4 6 7 8 |  8.1
Stealth        | 5 7 |  7.6
Short Blades   | |  1.1
Dodging        | |  2.6

Action                   |  1- 3 |  4- 6 |  7- 9 || total
-------------------------+-------+-------+-------++-------
Melee: Dagger            |   107 |   109 |    68 ||   284
 Cast: Ensorcelled Hiber |    10 |    11 |     9 ||    30
       Tukima's Dance    |       |     1 |     1 ||     2
  Use: Scroll            |       |     8 |     2 ||    10
       Potion            |       |     2 |     2 ||     4
 Stab: Sleeping          |     9 |    13 |     6 ||    28
       Distracted        |       |     1 |       ||     1
       Invisible         |       |       |     2 ||     2
Armor: Robe              |     9 |    12 |     5 ||    26
Dodge: Dodged            |    81 |    65 |    48 ||   194

Table legend: (Time is in decaauts)
 A = Elapsed time spent in this place.
 B = Non-inter-level travel time spent in this place.
 C = Inter-level travel time spent in this place.
 D = Time resting spent in this place.
 E = Time spent auto-exploring this place.
 F = Levels seen in this place.
 G = Mean time per level.
                   A        B        C        D        E       F      G
               +--------+--------+--------+--------+--------+-----+--------+
         Total |   4784 |   4697 |     87 |    609 |   3312 |   5 |  956.8 |
       Dungeon |   4784 |   4697 |     87 |    609 |   3312 |   5 |  956.8 |
               +--------+--------+--------+--------+--------+-----+--------+

Top non-repeatable levels by time:
     D:2: 1514 daAuts
     D:4: 1212 daAuts
     D:1: 754 daAuts
     D:3: 733 daAuts
     D:5: 569 daAuts
